 Dungeon Crawl Stone Soup version 0.31-a0-700-gf13585253f (webtiles) character file.

Game seed: 6441056067198775430

387 Ofeo the Trooper (level 6, 0/55 HPs)
             Began as a Demonspawn Wanderer on Sept 7, 2023.
             Slain by a phantom (4 damage)
             ... on level 5 of the Dungeon.
             The game lasted 00:05:54 (3303 turns).

Ofeo the Trooper (Demonspawn Wanderer)              Turns: 3303, Time: 00:05:55

Health: 0/55       AC:  8    Str: 16    XL:     6   Next: 49%
Magic:  7/7        EV:  9    Int: 19    God:
Gold:   184        SH:  0    Dex: 11    Spells: 5/7 levels left

rFire   . . .        c - +0 short sword (venom)
rCold   . . .        (no shield)
rNeg    . . .        b - +1 scale mail
rPois   .            (helmet restricted)
rElec   .            (no cloak)
rCorr   .            (no gloves)
SInv    .            n - +0 pair of boots
Will    .....        (no amulet) Stlth
                     h - +6 ring of intelligence
HPRegen 0.29/turn    (no ring)
MPRegen 0.20/turn

%: no passive effects
@: no status effects
A: horns 1, powered by death 1, magic regeneration
a: no special abilities


You were on level 5 of the Dungeon.
You visited 1 branch of the dungeon, and saw 5 of its levels.

You collected 184 gold pieces.

Inventory:

Hand Weapons
 a - a +0 club
 c - a +0 short sword of venom (weapon)
 e - a +0 mace
Armour
 b - a +1 scale mail (worn)
 n - a +0 pair of boots (worn)
Jewellery
 h - a +6 ring of intelligence (left hand)
 j - a +5 ring of evasion
Wands
 d - a wand of flame (1) (quivered)
Scrolls
 g - 2 scrolls of teleportation {@r3}
Potions
 f - 3 potions of mutation
 k - a potion of magic
 l - a potion of attraction
 m - 2 potions of haste {unknown}
 o - a potion of might {unknown}
 q - a potion of curing {@q1}
 r - 2 potions of berserk rage {unknown}


   Skills:
 + Level 7.0 Fighting
 - Level 1.7 Armour
 - Level 1.0 Spellcasting
 - Level 1.0 Air Magic
 - Level 4.0 Evocations


You had 5 spell levels left.
You knew the following spells:

 Your Spells              Type           Power      Damage    Failure   Level
a - Static Discharge      Conj/Air       4%         2-3/arc   63%         2

Your spell library contained the following spells:

 Spells                   Type           Power      Damage    Failure   Level
 Cigotuvi's Dreadful Rot  Necr/Pois/Air  4%         N/A       67%         2
 Ignite Poison            Fire/Tmut/Pois 0%         N/A       90%         3
 Inner Flame              Hex/Fire       0%         N/A       90%         3
 Summon Guardian Golem    Hex/Summ       0%         N/A       90%         3
 Freezing Cloud           Conj/Ice/Air   1%         6-21      100%        5
 Yara's Violent Unravell  Hex/Tmut       0%         3d3       100%        5
 Conjure Ball Lightning   Conj/Air       1%         3x3d6     100%        6
 Enfeeble                 Hex            0%         N/A       100%        7
 Orb of Destruction       Conj           0%         9d5       100%        7
 Spellforged Servitor     Conj/Summ      0%         N/A       100%        7
 Discord                  Hex            0%         N/A       100%        8
 Disjunction              Tloc           0%         N/A       100%        8


Dungeon Overview and Level Annotations

Branches:
Dungeon (5/15)
 Temple: D:4-7

Altars:
Fedhas
Uskayaw


Innate Abilities, Weirdness & Mutations

You have a pair of small horns on your head.
You regenerate a little health from kills.
You regenerate magic rapidly.


Message History

You take 4 damage, and have 37/55 hp.
You hit the gnoll but do no damage.
The gnoll is poisoned.
Your headbutt misses the gnoll.
The gnoll hits you but does no damage. x2
The phantom hits you but does no damage.
You barely miss the gnoll.
The gnoll is lightly wounded.
The gnoll closely misses you. The phantom hits you.
The phantom blinks!
You blink.
You take 4 damage, and have 34/55 hp.
You hit the phantom but do no damage.
The phantom hits you but does no damage.
You closely miss the phantom. You headbutt the phantom.
The phantom is lightly damaged.
The phantom hits you but does no damage.
The gnoll hits you from afar with a +0 halberd!
You take 9 damage, and have 25/55 hp.
You hit the phantom.
The phantom is moderately damaged.
The gnoll hits you from afar with a +0 halberd.
The phantom barely misses you.
You take 6 damage, and have 19/55 hp.
You feel better.
You kill the gnoll!
The phantom hits you.
The gnoll hits you from afar with a +0 halberd.
* * * LOW HITPOINT WARNING * * *
You take 3 damage, and have 16/55 hp.
Okay, then.
You hit the gnoll.
The gnoll looks even sicker.
The gnoll is severely wounded.
The gnoll hits you with a +0 flail!
* * * LOW HITPOINT WARNING * * *
The gnoll hits you but does no damage.
The phantom hits you but does no damage.
You take 10 damage, and have 6/55 hp.
You feel better. The gnoll barely misses you.
The gnoll hits you from afar with a +0 halberd!
* * * LOW HITPOINT WARNING * * *
The phantom hits you.
You die...

############
#(.........#
#....@W....#
#....g.....#
#...).g....#
#....?.....#
##..........#
........<....#
#.###........>.#
##.######### #.


You could see a phantom and 2 gnolls.

Vanquished Creatures
  Sigmund (D:2)
  A black bear (D:4)
  An orc priest (D:4)
  A gnoll (D:5)
  5 adders
  2 dart slugs (D:2)
  6 orcs
  A bat (D:2)
  4 endoplasms
  3 giant cockroaches
  3 goblins
  5 hobgoblins
  6 jackals (D:4)
  3 kobolds
  A quokka (D:2)
  7 ball pythons
  2 frilled lizards (D:2)
  2 rats (D:2)
54 creatures vanquished.

Notes
Turn   | Place    | Note
-------+----------+-------------------------------------------
     0 | D:1      | Ofeo the Demonspawn Wanderer began the quest for the Orb.
     0 | D:1      | Ofeo set off with the following items: a +0 club, a +0
                  | scale mail, a scroll of fear, a wand of flame (17); and the
                  | following spells available to memorise: Static Discharge,
                  | Cigotuvi's Dreadful Rot.
     0 | D:1      | Reached XP level 1. HP: 16/16 MP: 2/2
   877 | D:2      | Reached skill level 3 in Fighting
   877 | D:2      | Gained mutation: You regenerate magic rapidly. [demonic
                  | ancestry]
   877 | D:2      | Reached XP level 2. HP: 9/24 MP: 3/3
   960 | D:2      | Noticed Sigmund
  1141 | D:2      | Learned a level 2 spell: Static Discharge
  1188 | D:2      | Killed Sigmund
  1189 | D:2      | Reached skill level 5 in Fighting
  1189 | D:2      | Discovered your monstrous ancestry.
  1189 | D:2      | Gained mutation: You have a pair of small horns on your
                  | head. [demonic ancestry]
  1189 | D:2      | Reached XP level 3. HP: 26/33 MP: 4/4
  1189 | D:2      | Reached XP level 4. HP: 31/39 MP: 5/5
  1189 | D:2      | Reached XP level 5. HP: 35/44 MP: 6/6
  2307 | D:3      | Found a blossoming altar of Fedhas.
  2312 | D:3      | You fall into a shaft and drop 2 floors!
  2312 | D:5      | Entered Level 5 of the Dungeon
  2378 | D:4      | Found a hide-covered altar of Uskayaw.
  2392 | D:4      | Reached skill level 6 in Fighting
  2437 | D:4      | Noticed a black bear
  2453 | D:4      | Killed a black bear
  2454 | D:4      | Gained mutation: You regenerate a little health from kills.
                  | [demonic ancestry]
  2454 | D:4      | Reached XP level 6. HP: 35/53 MP: 7/7
  3180 | D:4      | Reached skill level 7 in Fighting
  3303 | D:5      | Slain by a phantom

Illustrated notes

Levels and vault maps discovered:
D:1:      saegor_arrival_simple_a, layout_basic
D:2:      layout_loops_ring, serial_glass, glass_columns_a, glass_columns_b,
          glass_columns_b, glass_columns_b, glass_columns_a, glass_columns_c,
          glass_columns_b, glass_columns_a, minmay_distorted, uniq_sigmund
D:3:      layout_rooms, mainiacjoe_overflow_surrounded_room, old_standard_altar,
          hellmonk_ecumenical_altar_arch_garden
D:4:      layout_basic, mainiacjoe_overflow_brackets
D:5:      layout_rooms, temple_green, patterned_corridor

Skill      XL: |  1  2  3  4  5  6 |
---------------+-------------------+-----
Fighting       | 3 5 6 7 |  7.0
Armour         | |  1.7
Spellcasting   | |  1.0
Air Magic      | |  1.0
Evocations     | |  4.0

Action                     |  1- 3 |  4- 6 || total
---------------------------+-------+-------++-------
  Melee: Club              |    18 |       ||    18
         Mace              |    23 |   118 ||   141
         Punch             |     1 |     1 ||     2
         Headbutt          |       |    19 ||    19
         Short sword       |       |     7 ||     7
  Evoke: Wand              |    10 |     6 ||    16
    Use: Scroll            |     2 |     5 ||     7
         Potion            |       |     5 ||     5
 Armour: Scale mail        |    41 |   151 ||   192
  Dodge: Dodged            |    23 |   100 ||   123

Table legend: (Time is in decaauts)
 A = Elapsed time spent in this place.
 B = Non-inter-level travel time spent in this place.
 C = Inter-level travel time spent in this place.
 D = Time resting spent in this place.
 E = Time spent auto-exploring this place.
 F = Levels seen in this place.
 G = Mean time per level.
                   A        B        C        D        E       F      G
               +--------+--------+--------+--------+--------+-----+--------+
         Total |   3365 |   3188 |    177 |    245 |   2390 |   5 |  673.0 |
       Dungeon |   3365 |   3188 |    177 |    245 |   2390 |   5 |  673.0 |
               +--------+--------+--------+--------+--------+-----+--------+

Top non-repeatable levels by time:
     D:2: 1197 daAuts
     D:1: 1089 daAuts
     D:4: 982 daAuts
     D:3: 64 daAuts
     D:5: 31 daAuts
